[Event "Titled Tuesday Blitz November 01 Early 2022"]
[White "Chernomordik, Pavel"]
[Black "Maximov, Dmitry"]
[WhiteFideId "2804530"]
[BlackFideId "14105659"]
[WhiteElo "2217"]
[BlackElo "2494"]
[Result "0-1"]
[Round "08"]
[TimeControl "180+1"]
[Date "2022.11.02"]
[WhiteClock "0:01:21"]
[BlackClock "0:00:29"]

1. e4 c5 2. Nc3 Nc6 3. Bb5 Nd4 4. Bc4 e6 5. Nge2 a6 6. Nxd4 cxd4 7. Ne2 Bc5 8. d3 Ne7 9. Bb3 O-O 10. O-O d5 11. Ng3 b6 12. f4 dxe4 13. dxe4 d3+ 14. Kh1 dxc2 15. Qxc2 Bb7 16. Qe2 Nc6 17. f5 Nd4 18. Qg4 exf5 19. exf5 Nxb3 20. Bh6 Qf6 21. Bg5 Qc6 22. Rf3 Nxa1 23. f6 Rfe8 24. h4 Re1+ 25. Kh2 Bg1+ 26. Kh3 Bc8 27. Nf5 g6 28. Qg3 Bxf5+ 29. Rxf5 Qe6 0-1


[Site "https://www.chess.com"]

[Event "Titled Tuesday Blitz November 01 Early 2022"]
[White "Costachi, Mihnea"]
[Black "Myshakov, Fyodor"]
[WhiteFideId "1217518"]
[BlackFideId "14111284"]
[WhiteElo "2437"]
[BlackElo "2310"]
[Result "1-0"]
[Round "08"]
[TimeControl "180+1"]
[Date "2022.11.02"]
[WhiteClock "0:02:04"]
[BlackClock "0:00:21"]

1. Nc3 d5 2. d4 Nf6 3. Bf4 c6 4. f3 Bf5 5. g4 Bg6 6. h4 h6 7. h5 Bh7 8. e3 e6 9. Bd3 Bxd3 10. Qxd3 Bd6 11. Nge2 Qc7 12. Bxd6 Qxd6 13. e4 dxe4 14. Nxe4 Nxe4 15. fxe4 Nd7 16. O-O-O O-O-O 17. Rhf1 Rhf8 18. e5 Qb4 19. Qh7 Nb6 20. a3 Qc4 21. Nc3 Rxd4 22. Qxg7 Rfd8 23. Qxf7 Rxd1+ 24. Rxd1 Rxd1+ 25. Nxd1 Qxg4 26. Qf8+ Kc7 27. Qxh6 Nc4 28. Qh7+ Kb6 29. Qd3 Qg5+ 30. Kb1 Nxe5 31. Qd4+ Kc7 32. h6 Qh5 33. h7 Nf7 34. Qf4+ Kb6 35. Qxf7 Qxd1+ 36. Ka2 Qd5+ 37. b3 Qe5 38. Qg8 Qc3 39. h8=Q Qxc2+ 40. Qb2 1-0


[Site "https://www.chess.com"]

[Event "Titled Tuesday Blitz November 01 Early 2022"]
[White "Cramling Bellon, Anna"]
[Black "Itkis, Boris"]
[WhiteFideId "32009232"]
[BlackFideId "1209167"]
[WhiteElo "1972"]
[BlackElo "2232"]
[Result "1-0"]
[Round "08"]
[TimeControl "180+1"]
[Date "2022.11.02"]
[WhiteClock "0:00:24"]
[BlackClock "0:00:26"]

1. d4 Nf6 2. c4 Nc6 3. Nf3 e6 4. Nc3 Bb4 5. Qc2 O-O 6. e4 d6 7. Bg5 h6 8. Bh4 e5 9. dxe5 dxe5 10. Rd1 Qe7 11. Be2 Bg4 12. O-O Rad8 13. Nd5 Qe6 14. Bxf6 gxf6 15. Nxc7 Qc8 16. Nd5 Kg7 17. Nh4 Be6 18. Qd3 Nd4 19. Nxb4 Bxc4 20. Qxc4 1-0


[Site "https://www.chess.com"]

[Event "Titled Tuesday Blitz November 01 Early 2022"]
[White "D`Arruda, Ricardo D."]
[Black "Zhu, Jiner"]
[WhiteFideId "100692"]
[BlackFideId "8608059"]
[WhiteElo "2489"]
[BlackElo "2384"]
[Result "0-1"]
[Round "08"]
[TimeControl "180+1"]
[Date "2022.11.02"]
[WhiteClock "0:00:18"]
[BlackClock "0:00:10"]

1. d4 Nf6 2. Nf3 g6 3. Nc3 Bg7 4. e4 d6 5. Bg5 O-O 6. Qd2 c6 7. O-O-O b5 8. e5 Ne8 9. Bh6 Qc7 10. Bxg7 Nxg7 11. Bd3 Nd7 12. Rhe1 Nb6 13. Qh6 f6 14. exf6 exf6 15. Nh4 b4 16. Ne4 Nd5 17. Ng3 Ne6 18. Bc4 Qg7 19. Qxg7+ Kxg7 20. Bxd5 cxd5 21. Ne2 Ba6 22. g3 Rac8 23. Ng2 g5 24. Ne3 Kf7 25. Nxd5 Bc4 26. Nxb4 a5 27. Nd3 Bxa2 28. b3 Bxb3 29. Rd2 Bd5 30. f4 Rc4 31. c3 Rb8 32. Nb2 Rc7 33. fxg5 fxg5 34. Rf1+ Kg7 35. Ng1 a4 36. Ne2 a3 37. Nd3 a2 38. Kc2 Bb3+ 39. Kb2 Bc4+ 40. Kc2 Rcb7 41. Ra1 Rb1 42. Rd1 Bb3+ 0-1


[Site "https://www.chess.com"]

[Event "Titled Tuesday Blitz November 01 Early 2022"]
[White "Do Nascimento,Christian Almeida"]
[Black "Clawitter, Craig"]
[WhiteFideId "2143801"]
[BlackFideId "2023105"]
[WhiteElo "2079"]
[BlackElo "2290"]
[Result "0-1"]
[Round "08"]
[TimeControl "180+1"]
[Date "2022.11.02"]
[WhiteClock "0:00:41"]
[BlackClock "0:00:04"]

1. e4 e6 2. d4 d5 3. Nc3 Bb4 4. e5 c5 5. a3 Bxc3+ 6. bxc3 Ne7 7. a4 Qa5 8. Qd2 Nbc6 9. Nf3 Bd7 10. Bb5 Nxe5 11. Bxd7+ Nxd7 12. O-O O-O 13. Ba3 Rac8 14. h4 Nf5 15. g4 Nd6 16. dxc5 Nc4 17. Qe2 Nxa3 18. Rxa3 Nxc5 19. Rb1 b6 20. Nd4 Ne4 21. Qd3 Rxc3 22. Qb5 Rxa3 23. Qd7 Qxa4 24. Nc6 Ra1 25. Kg2 Nc5 26. Qd6 Qe4+ 27. f3 Qxc2+ 28. Kg3 Qxb1 29. Ne7+ Kh8 30. Ng6+ hxg6 31. Qxf8+ Kh7 32. h5 Qe1+ 33. Kf4 e5+ 34. Kg5 f6+ 0-1


[Site "https://www.chess.com"]

[Event "Titled Tuesday Blitz November 01 Early 2022"]
[White "Dominguez Perez, Leinier"]
[Black "Navara, David"]
[WhiteFideId "3503240"]
[BlackFideId "309095"]
[WhiteElo "2994"]
[BlackElo "2915"]
[Result "1-0"]
[Round "08"]
[TimeControl "180+1"]
[Date "2022.11.01"]
[WhiteClock "0:00:11"]
[BlackClock "0:00:01"]

1. e4 e5 2. Nf3 Nc6 3. Bc4 Bc5 4. c3 Nf6 5. d3 O-O 6. O-O d6 7. Re1 a5 8. h3 h6 9. Nbd2 Be6 10. Bb5 Bb6 11. Nf1 Ne7 12. Ba4 Nd7 13. d4 f5 14. Bb3 Bxb3 15. Qxb3+ Kh8 16. exf5 Nxf5 17. dxe5 Nxe5 18. Nxe5 dxe5 19. Ne3 Qf6 20. Qc2 Nxe3 21. Bxe3 Bxe3 22. Rxe3 Rad8 23. Rae1 Rd5 24. c4 Rd4 25. Rxe5 Qd8 26. R1e2 b6 27. b3 Qd6 28. c5 Qf6 29. Re8 Rd8 30. Rxf8+ Qxf8 31. Re5 Qf4 32. Re2 Qd4 33. cxb6 Qd1+ 34. Kh2 Qxc2 35. Rxc2 cxb6 36. Kg3 Rd3+ 37. Kf4 Rd5 38. Ke4 Rb5 39. Rc4 Kh7 40. f4 h5 41. g4 hxg4 42. hxg4 g6 43. Rc7+ Kg8 44. f5 gxf5+ 45. gxf5 a4 46. bxa4 Ra5 47. Rc4 Kf7 48. Kf4 Kf6 49. Rc6+ Kf7 50. Kg5 Rxa4 51. Rc7+ Kg8 52. Kg6 Rg4+ 53. Kf6 Rg2 54. Rc8+ Kh7 55. Ra8 1-0


[Site "https://www.chess.com"]

[Event "Titled Tuesday Blitz November 01 Early 2022"]
[White "Donchenko, Alexander"]
[Black "Amgalantengis, Enkh-Amgalan"]
[WhiteFideId "24603295"]
[BlackFideId "4903536"]
[WhiteElo "2572"]
[BlackElo "1772"]
[Result "0-1"]
[Round "08"]
[TimeControl "180+1"]
[Date "2022.11.02"]
[WhiteClock "0:00:08"]
[BlackClock "0:01:17"]

1. e4 e5 2. Nf3 Nc6 3. Bb5 Nf6 4. d3 Bc5 5. c3 O-O 6. Bxc6 bxc6 7. O-O Re8 8. Re1 Bb6 9. Nbd2 h6 10. Nc4 d6 11. h3 Be6 12. Nxb6 axb6 13. a3 Nh7 14. d4 Qf6 15. Be3 c5 16. dxe5 dxe5 17. b4 c4 18. a4 Rad8 19. Qe2 Rd3 20. Rec1 Bc8 21. Nd2 Qc6 22. Rc2 Bb7 23. a5 bxa5 24. Rxa5 Qg6 25. f3 Red8 26. Nxc4 Rd1+ 27. Kh2 Ng5 28. Nxe5 Qh5 29. Ng4 Qg6 30. Rd2 R8xd2 31. Bxd2 Qd6+ 32. e5 Qxd2 33. Qxd2 Rxd2 34. Kg3 Rd3 35. Ra7 Bxf3 36. gxf3 Rxf3+ 37. Kg2 Rxc3 38. b5 h5 39. Nf2 Ne6 40. h4 Rc5 41. Rb7 Rxe5 42. Nd3 Re3 43. Nb4 Re4 44. Nd5 Rxh4 45. Nxc7 Nxc7 46. Rxc7 Rb4 47. Rc5 g6 48. Kg3 Kg7 49. Kh3 f6 50. Kg3 g5 51. Kf3 h4 52. Rc7+ Kg6 53. Rb7 Kf5 54. b6 Rb3+ 55. Kf2 h3 56. Rh7 Rxb6 57. Rxh3 Rb2+ 58. Kf1 Kg4 59. Ra3 f5 60. Rc3 f4 61. Ra3 f3 62. Ra5 Kf4 63. Ra8 Kg3 64. Ra1 g4 65. Kg1 Rg2+ 66. Kf1 Rh2 0-1


[Site "https://www.chess.com"]

[Event "Titled Tuesday Blitz November 01 Early 2022"]
[White "Durarbayli, Vasif"]
[Black "Ovchinnikov, Vsevolod"]
[WhiteFideId "13402935"]
[BlackFideId "24176842"]
[WhiteElo "2586"]
[BlackElo "2376"]
[Result "0-1"]
[Round "08"]
[TimeControl "180+1"]
[Date "2022.11.01"]
[WhiteClock "0:00:01"]
[BlackClock "0:00:10"]

1. e4 g6 2. d4 Bg7 3. Nc3 a6 4. Be3 b5 5. g4 b4 6. Nce2 Bb7 7. Bg2 Nf6 8. Ng3 h5 9. g5 Ng4 10. Bc1 c5 11. h3 Nxf2 12. Kxf2 Bxd4+ 13. Kf1 a5 14. N3e2 Ba6 15. Nf3 Nc6 16. Qe1 Qb6 17. c3 bxc3 18. bxc3 Bg7 19. Kf2 Rb8 20. Nf4 e6 21. Kg3 Qc7 22. Kh2 a4 23. Qg3 Bxc3 24. Be3 Bxa1 25. Rxa1 d6 26. Rc1 Rb2 27. Kh1 O-O 28. e5 Nxe5 29. Nxe5 dxe5 30. Nxh5 gxh5 31. Rxc5 Qd6 32. g6 f6 33. Rc6 Qd1+ 34. Kh2 Bf1 35. Bf2 Rxf2 36. Qxf2 Bxg2 37. Qxg2 Qd5 38. Qc2 e4 39. Rc7 Qe5+ 40. Kh1 Qg5 41. Qxe4 Qf5 42. Qxf5 exf5 43. Ra7 Re8 44. Rxa4 Kg7 45. Kg2 Kxg6 46. Ra7 Re3 47. h4 Re4 48. Kg3 Rg4+ 49. Kh3 f4 50. Ra4 Rg3+ 51. Kh2 Kf5 52. Ra6 Re3 53. a4 Re2+ 54. Kh3 Re3+ 55. Kg2 Ra3 56. a5 Kg4 57. Rxf6 Ra2+ 58. Kg1 Rxa5 59. Rg6+ Kxh4 60. Kf2 Rg5 61. Ra6 Kg4 62. Ra8 h4 0-1


[Site "https://www.chess.com"]

[Event "Titled Tuesday Blitz November 01 Early 2022"]
[White "Dushyant Sharma"]
[Black "Ljukin, Sergei"]
[WhiteFideId "25065130"]
[BlackFideId "14102200"]
[WhiteElo "2270"]
[BlackElo "2312"]
[Result "1-0"]
[Round "08"]
[TimeControl "180+1"]
[Date "2022.11.02"]
[WhiteClock "0:00:03"]
[BlackClock "0:00:03"]

1. e4 e6 2. d4 d5 3. exd5 exd5 4. Bd3 Nf6 5. Nf3 c5 6. c3 Nc6 7. O-O Be7 8. Be3 Qb6 9. Qc1 O-O 10. Nbd2 c4 11. Bc2 Bg4 12. Ne5 Bh5 13. f4 Ng4 14. Nxg4 Bxg4 15. f5 Rfe8 16. Re1 Bh4 17. g3 Bf6 18. Nf1 Re7 19. b3 Rae8 20. bxc4 dxc4 21. Rb1 Qa5 22. Qd2 Bh3 23. Bf4 Qxa2 24. Ra1 Rxe1 25. Rxe1 Rd8 26. Ne3 Qa5 27. Nxc4 Qd5 28. Ne3 Qa5 29. Ng2 Nxd4 30. cxd4 Bxd4+ 31. Kh1 Qd5 32. Be4 Qc5 33. Qc2 Qb6 34. Bc7 Qa5 35. Bxa5 b6 36. Bxb6 h6 37. Bxd8 a6 38. Bb6 Kh7 39. Bxd4 f6 40. Bxf6 1-0


[Site "https://www.chess.com"]

[Event "Titled Tuesday Blitz November 01 Early 2022"]
[White "Faizrakhmanov, Ramil"]
[Black "Kodinets, Konstantin L."]
[WhiteFideId "24103209"]
[BlackFideId "4122011"]
[WhiteElo "2421"]
[BlackElo "2447"]
[Result "1-0"]
[Round "08"]
[TimeControl "180+1"]
[Date "2022.11.02"]
[WhiteClock "0:00:50"]
[BlackClock "0:00:16"]

1. d4 d6 2. Nf3 Nf6 3. c4 Nbd7 4. Nc3 c6 5. e4 e5 6. d5 Be7 7. h3 a6 8. Be3 cxd5 9. cxd5 b5 10. a3 O-O 11. Be2 Nb6 12. O-O Bd7 13. Nxe5 dxe5 14. d6 Nc8 15. dxe7 Nxe7 16. Qd6 Nc6 17. Rfd1 h6 18. Rd2 Re8 19. Rad1 Qc8 20. Bf3 Na5 21. Nd5 Nxd5 22. Rxd5 Nc4 23. Qxd7 Nxb2 24. Rc1 Nc4 25. Bh5 Rf8 26. Bc5 Qxd7 27. Rxd7 Rfc8 28. Bxf7+ Kh8 29. Bd5 Rab8 30. Ba7 1-0


[Site "https://www.chess.com"]

[Event "Titled Tuesday Blitz November 01 Early 2022"]
[White "Flis, Pawel"]
[Black "Vargas, Mauricio"]
[WhiteFideId "1112864"]
[BlackFideId "4404572"]
[WhiteElo "1836"]
[BlackElo "2025"]
[Result "1-0"]
[Round "08"]
[TimeControl "180+1"]
[Date "2022.11.02"]
[WhiteClock "0:00:38"]
[BlackClock "0:00:52"]

1. e4 d5 2. exd5 Qxd5 3. Nc3 Qa5 4. Bc4 Nf6 5. d3 c6 6. Nf3 Bg4 7. h3 Bh5 8. g4 Bg6 9. Bd2 Qc7 10. Qe2 e6 11. Ne5 Nbd7 12. f4 Bd6 13. Nxd7 Qxd7 14. f5 Bg3+ 15. Kd1 O-O-O 16. fxg6 hxg6 17. Qf3 Bc7 18. Bf4 e5 19. Bg5 Rde8 20. Kc1 Nxg4 21. hxg4 Rxh1+ 22. Qxh1 Qxg4 23. Bd2 f6 24. b3 e4 25. Nxe4 Be5 26. Bc3 Qf4+ 27. Kb2 b5 28. Bf7 Re7 29. Bxg6 Qg5 30. Nxg5 fxg5 31. Qxc6+ Bc7 32. Bf5+ Kb8 33. Rh1 g4 34. Rh8+ Bd8 35. Rxd8# 1-0


[Site "https://www.chess.com"]

[Event "Titled Tuesday Blitz November 01 Early 2022"]
[White "Gabrielian, Artur"]
[Black "Turutin, Alexander"]
[WhiteFideId "4131002"]
[BlackFideId "4180623"]
[WhiteElo "2432"]
[BlackElo "2402"]
[Result "1-0"]
[Round "08"]
[TimeControl "180+1"]
[Date "2022.11.02"]
[WhiteClock "0:00:36"]
[BlackClock "0:00:01"]

1. d4 Nf6 2. c4 g6 3. Nc3 Bg7 4. e4 d6 5. Bd3 Nc6 6. Nge2 e5 7. d5 Nd4 8. Nxd4 exd4 9. Ne2 O-O 10. O-O Re8 11. Ng3 Ng4 12. h3 Ne5 13. f4 Nxd3 14. Qxd3 a6 15. f5 b5 16. b3 bxc4 17. bxc4 Rb8 18. Rf2 a5 19. Bd2 a4 20. Raf1 Ba6 21. fxg6 fxg6 22. Rf7 Rf8 23. Rxg7+ Kxg7 24. Qxd4+ Kg8 25. Bc3 Rxf1+ 26. Nxf1 Qf8 27. Ne3 Rb1+ 28. Nd1 Rxd1+ 29. Qxd1 Qf4 30. Qd4 Qe5 31. Qe3 Qe7 32. c5 dxc5 33. e5 Bc4 34. Qf3 Bxa2 35. e6 a3 36. Be5 c6 37. Bf6 Qe8 38. Qxa3 Bxd5 39. Qa7 Qf8 40. e7 Qe8 41. Qxc5 h5 42. Qd6 Kh7 43. Be5 Bf7 44. Qf6 Qg8 45. Kh2 c5 46. Bc3 c4 47. Be5 Be8 48. Qf8 Bd7 49. h4 Be8 50. Bc3 Bd7 51. Kg3 Bc6 52. Qf6 Be8 53. Be5 Bd7 54. Kf2 Be8 55. Ke3 Bd7 56. Kd4 Bb5 57. Kc3 Bd7 58. g3 Bf5 59. e8=Q 1-0


[Site "https://www.chess.com"]

[Event "Titled Tuesday Blitz November 01 Early 2022"]
[White "Garayev, Kanan"]
[Black "Ilkhomi, Jaloliddin"]
[WhiteFideId "13406671"]
[BlackFideId "14700948"]
[WhiteElo "2244"]
[BlackElo "2045"]
[Result "0-1"]
[Round "08"]
[TimeControl "180+1"]
[Date "2022.11.02"]
[WhiteClock "0:00:26"]
[BlackClock "0:00:11"]

1. d4 Nf6 2. c4 e6 3. g3 Bb4+ 4. Nd2 O-O 5. Bg2 d5 6. Qc2 c6 7. Nf3 Ne4 8. O-O f5 9. a3 Bd6 10. b4 Nd7 11. Bb2 Qf6 12. Ne1 g5 13. Nd3 Nxd2 14. Qxd2 f4 15. e4 Qf7 16. e5 Be7 17. cxd5 cxd5 18. gxf4 gxf4 19. Bf3 Nb6 20. Kh1 Nc4 21. Rg1+ Kh8 22. Qe2 Nxb2 23. Qxb2 Bd7 24. Rg4 Bb5 25. Qd2 h5 26. Rg2 Qf5 27. Rd1 Rg8 28. Nb2 Rxg2 29. Bxg2 Rg8 30. Rg1 Bg5 31. Bf3 Bh6 32. Rxg8+ Kxg8 33. Qd1 Be8 34. Qd3 Qxd3 35. Nxd3 b6 36. Kg2 Bg6 37. Be2 h4 38. a4 f3+ 39. Bxf3 Bxd3 40. Bg4 Kf7 41. Bh5+ Bg6 42. Bd1 Bd2 43. b5 Bf5 44. Kf3 Kg6 45. Ke2 Bf4 46. Kf3 Bxh2 47. Kg2 Bf4 48. Kf3 Kg5 49. Kg2 h3+ 50. Kh1 Kh4 51. a5 Be4+ 52. f3 Bd3 53. axb6 axb6 54. Kg1 Kg3 55. Kh1 h2 56. Be2 Bf5 57. Bd3 Bh3 58. Bf1 Bf5 59. Bd3 Kxf3 60. Bxf5 exf5 61. e6 Bd6 62. e7 Bxe7 63. Kxh2 f4 64. Kg1 Ke2 65. Kg2 f3+ 0-1


[Site "https://www.chess.com"]

[Event "Titled Tuesday Blitz November 01 Early 2022"]
[White "Gharibyan, Mamikon"]
[Black "Grover, Sahaj"]
[WhiteFideId "13308300"]
[BlackFideId "5021103"]
[WhiteElo "2378"]
[BlackElo "2432"]
[Result "1-0"]
[Round "08"]
[TimeControl "180+1"]
[Date "2022.11.01"]
[WhiteClock "0:01:20"]
[BlackClock "0:00:23"]

1. Nf3 Nf6 2. g3 g6 3. b3 Bg7 4. Bb2 O-O 5. c4 d5 6. cxd5 Qxd5 7. Bg2 Nc6 8. Nc3 Qh5 9. h3 Bd7 10. a3 Rad8 11. g4 Qc5 12. b4 Qd6 13. Nb5 Qf4 14. e3 Qc4 15. Qe2 Qxe2+ 16. Kxe2 Nxb4 17. Nxc7 Na6 18. Rhc1 Nxc7 19. Rxc7 Nd5 20. Rxb7 Bc6 21. Bxg7 Bxb7 22. Bxf8 Ba6+ 23. Ke1 Kxf8 24. Nd4 e6 25. Nc6 Rd7 26. a4 Bd3 27. Ne5 Nb4 28. Nxd7+ Ke7 29. Nc5 1-0


[Site "https://www.chess.com"]

[Event "Titled Tuesday Blitz November 01 Early 2022"]
[White "Gheorghiu, Calin"]
[Black "Chernov, Mikhail"]
[WhiteFideId "1200305"]
[BlackFideId "24143170"]
[WhiteElo "2225"]
[BlackElo "2113"]
[Result "1-0"]
[Round "08"]
[TimeControl "180+1"]
[Date "2022.11.02"]
[WhiteClock "0:00:08"]
[BlackClock "0:00:04"]

1. d4 d5 2. Nf3 Nc6 3. Bf4 Bg4 4. e3 e6 5. Nbd2 Bd6 6. h3 Bh5 7. Bb5 Ne7 8. g4 Bg6 9. Ne5 Bxe5 10. Bxe5 f6 11. Bg3 O-O 12. c3 a6 13. Be2 e5 14. h4 exd4 15. exd4 h6 16. O-O f5 17. h5 Bh7 18. Nf3 fxg4 19. Ne5 Nf5 20. Bxg4 Nxg3 21. fxg3 Nxe5 22. Rxf8+ Qxf8 23. dxe5 Qc5+ 24. Qd4 Qxd4+ 25. cxd4 Be4 26. Rf1 Re8 27. Bd7 Re7 28. e6 Bd3 29. Re1 Be4 30. Kf2 c6 31. Ke3 g5 32. hxg6 Kg7 33. Kf4 Kf6 34. Rf1 Bxg6 35. Kg4+ Kg7 36. Kf4 Kf6 37. Kg4+ Kg7 38. Rh1 Be8 39. Bxe8 Rxe8 40. Kf5 Rf8+ 41. Ke5 Kg6 42. Kd6 Rf2 43. Re1 1-0


[Site "https://www.chess.com"]

[Event "Titled Tuesday Blitz November 01 Early 2022"]
[White "Ginzburg, Yakov"]
[Black "Hoffmann, Asa"]
[WhiteFideId "4157176"]
[BlackFideId "2001470"]
[WhiteElo "2305"]
[BlackElo "2117"]
[Result "0-1"]
[Round "08"]
[TimeControl "180+1"]
[Date "2022.11.02"]
[WhiteClock "0:00:02"]
[BlackClock "0:00:57"]

1. e4 d6 2. d4 Nf6 3. Nc3 c6 4. Nf3 Bg4 5. Bc4 e6 6. h3 Bh5 7. Bg5 d5 8. Bb3 Be7 9. e5 Nfd7 10. Bxe7 Qxe7 11. g4 Bg6 12. Ne2 c5 13. c3 Nc6 14. Nf4 Be4 15. O-O Bxf3 16. Qxf3 cxd4 17. cxd4 Nxd4 18. Qe3 Nxb3 19. axb3 a6 20. Nh5 O-O 21. f4 Qc5 22. Kf2 Rac8 23. Rac1 Qxe3+ 24. Kxe3 Nc5 25. b4 Ne4 26. f5 b5 27. fxe6 fxe6 28. Rxf8+ Rxf8 29. Nf4 Ng5 30. h4 d4+ 31. Kd3 Rxf4 32. hxg5 Rxg4 33. Rc6 Kf7 34. Rxa6 Rxg5 35. Kxd4 h5 36. Ra3 h4 37. Rh3 Rh5 38. Ke4 g5 39. Kf3 Kg6 40. Kg4 Rh8 41. Rf3 h3 42. Rf6+ Kg7 43. Rf1 h2 44. Rh1 Kg6 45. Kg3 Rh4 46. Kg2 Rxb4 47. Rf1 Rxb2+ 48. Kh1 b4 49. Rf6+ Kh5 50. Rh6+ Kg4 51. Rh4+ Kf3 52. Rh3+ Ke4 53. Re3+ Kd4 54. Rd3+ Kc4 55. Rd4+ Kc3 56. Rd3+ Kc2 0-1


[Site "https://www.chess.com"]

[Event "Titled Tuesday Blitz November 01 Early 2022"]
[White "Gireman, Ja"]
[Black "Martinez, Shawn"]
[WhiteFideId "5043794"]
[BlackFideId "2039770"]
[WhiteElo "2153"]
[BlackElo "2174"]
[Result "1-0"]
[Round "08"]
[TimeControl "180+1"]
[Date "2022.11.02"]
[WhiteClock "0:02:06"]
[BlackClock "0:01:26"]

1. e4 c5 2. Nf3 e6 3. d4 cxd4 4. Nxd4 a6 5. Be2 Nf6 6. Nc3 Qc7 7. O-O h5 8. f4 Bb4 9. e5 Bxc3 10. exf6 Bxd4+ 11. Qxd4 Nc6 12. fxg7 Rg8 13. Qf6 Qa5 14. f5 Qc5+ 15. Kh1 Qe7 16. Qxe7+ Kxe7 17. f6+ Kd6 18. Bxh5 1-0


[Site "https://www.chess.com"]

[Event "Titled Tuesday Blitz November 01 Early 2022"]
[White "Goh, Zi Han"]
[Black "Aarav Dengla"]
[WhiteFideId "5819156"]
[BlackFideId "45059756"]
[WhiteElo "2026"]
[BlackElo "2257"]
[Result "0-1"]
[Round "08"]
[TimeControl "180+1"]
[Date "2022.11.02"]
[WhiteClock "0:00:11"]
[BlackClock "0:01:53"]

1. d4 d5 2. c4 e6 3. Nc3 a6 4. cxd5 exd5 5. Nf3 h6 6. Bf4 Nf6 7. e3 Bd6 8. Bg3 O-O 9. Bd3 Nc6 10. O-O Ne7 11. Qc2 g6 12. Bh4 Kg7 13. Rab1 c6 14. e4 dxe4 15. Nxe4 Nxe4 16. Bxe4 f5 17. Bd3 g5 18. Nxg5 hxg5 19. Bxg5 Qc7 20. h4 Nd5 21. g3 Nb4 22. Qc3 Nxd3 23. Qxd3 Be6 24. Rbe1 Qf7 25. h5 Bc4 26. h6+ Kh7 27. Qc3 Bxf1 28. Kxf1 Rfe8 29. Rd1 Qd5 30. Kg1 Re6 31. g4 Rae8 32. gxf5 Qxf5 33. Be3 Qg4+ 0-1


[Site "https://www.chess.com"]

[Event "Titled Tuesday Blitz November 01 Early 2022"]
[White "Gokerkan, Cem Kaan"]
[Black "Jia, Haoxiang"]
[WhiteFideId "6336760"]
[BlackFideId "8602999"]
[WhiteElo "2365"]
[BlackElo "2657"]
[Result "1-0"]
[Round "08"]
[TimeControl "180+1"]
[Date "2022.11.01"]
[WhiteClock "0:00:34"]
[BlackClock "0:01:11"]

1. e4 c5 2. c3 d5 3. exd5 Qxd5 4. d4 Nf6 5. Nf3 e6 6. Na3 Nc6 7. Nb5 Qd8 8. dxc5 Bxc5 9. Qxd8+ Kxd8 10. Bf4 Ne4 11. Rd1+ Bd7 12. Bg3 Nxg3 13. hxg3 Ke7 14. Rh5 f5 15. g4 g6 16. Rh4 a6 17. Nbd4 Nxd4 18. Nxd4 e5 19. Nb3 Bb6 20. gxf5 gxf5 21. Rh6 Bc6 22. Bc4 Bc7 23. Re6+ Kf8 24. Rf6+ Ke8 25. Re6+ Kf8 26. Rf6+ Ke8 27. Nc5 Rd8 28. Re6+ Kf8 29. Rxd8+ Bxd8 30. Rxe5 Kg7 31. Rxf5 Kg6 32. Bd3 Kh6 33. g4 Be7 34. Ne6 Bd7 35. Rh5# 1-0


[Site "https://www.chess.com"]

[Event "Titled Tuesday Blitz November 01 Early 2022"]
[White "Goltseva, Ekaterina"]
[Black "Muminova, Nafisa"]
[WhiteFideId "24173770"]
[BlackFideId "14201526"]
[WhiteElo "2200"]
[BlackElo "2258"]
[Result "1-0"]
[Round "08"]
[TimeControl "180+1"]
[Date "2022.11.02"]
[WhiteClock "0:00:16"]
[BlackClock "0:00:08"]

1. d4 Nf6 2. c4 e6 3. Nf3 b6 4. g3 Bb7 5. Bg2 Be7 6. O-O O-O 7. Re1 c5 8. d5 exd5 9. Nh4 d6 10. Nc3 Nbd7 11. cxd5 Ne5 12. Nf5 Re8 13. Nxe7+ Qxe7 14. a4 h6 15. e4 Bc8 16. h3 Ng6 17. f4 Rb8 18. Kh1 a6 19. e5 dxe5 20. fxe5 Nxe5 21. Rxe5 Qxe5 22. Bf4 Qe7 23. Bxb8 Bg4 24. hxg4 Rxb8 25. d6 Qd7 26. Bf3 Re8 27. Kg2 Re6 28. Qf1 Rxd6 29. Rd1 Rd4 30. Rxd4 cxd4 31. Ne4 Nd5 32. Qd3 Ne3+ 33. Kf2 Qxa4 34. Nd2 Qb4 35. Nb3 a5 36. Nxd4 Nc4 37. b3 Nb2 38. Qe3 a4 39. bxa4 Qxa4 40. Nf5 Nc4 41. Qd4 Qc2+ 42. Be2 Nd2 43. Qxg7# 1-0


[Site "https://www.chess.com"]

[Event "Titled Tuesday Blitz November 01 Early 2022"]
[White "Gorodetzky, David"]
[Black "Wieczorek, Oskar"]
[WhiteFideId "2813416"]
[BlackFideId "1133950"]
[WhiteElo "2487"]
[BlackElo "2404"]
[Result "1-0"]
[Round "08"]
[TimeControl "180+1"]
[Date "2022.11.01"]
[WhiteClock "0:01:37"]
[BlackClock "0:01:47"]

1. b3 a5 2. Bb2 a4 3. e4 e6 4. bxa4 Rxa4 5. c4 Ra8 6. d4 Bb4+ 7. Nd2 Nf6 8. Bd3 d5 9. cxd5 exd5 10. e5 Ne4 11. Bxe4 dxe4 12. Ne2 Qg5 13. a3 Qxg2 14. Rg1 Bxd2+ 15. Qxd2 Qxh2 16. d5 Nd7 17. e6 fxe6 18. Rxg7 Nc5 19. Qg5 Nd3+ 20. Kd2 Qd6 21. Qh5+ Kf8 22. Qf7# 1-0


[Site "https://www.chess.com"]

[Event "Titled Tuesday Blitz November 01 Early 2022"]
[White "Goryachkina, Aleksandra"]
[Black "Parpiev, Isaak"]
[WhiteFideId "4147103"]
[BlackFideId "34281576"]
[WhiteElo "2484"]
[BlackElo "2100"]
[Result "1/2-1/2"]
[Round "08"]
[TimeControl "180+1"]
[Date "2022.11.02"]
[WhiteClock "0:00:36"]
[BlackClock "0:00:36"]

1. e4 e5 2. Nf3 Nc6 3. d4 exd4 4. Nxd4 Bc5 5. Be3 Qf6 6. c3 Nge7 7. Bb5 Bb6 8. O-O O-O 9. a4 d5 10. Bxc6 bxc6 11. a5 Bc5 12. e5 Qxe5 13. Nxc6 Nxc6 14. Bxc5 Re8 15. Nd2 Ba6 16. Re1 Qxe1+ 17. Qxe1 Rxe1+ 18. Rxe1 Nxa5 19. Re7 Nc4 20. Nxc4 Bxc4 21. Rxc7 a5 22. Ra7 Rxa7 23. Bxa7 Kf8 1/2-1/2


[Site "https://www.chess.com"]

[Event "Titled Tuesday Blitz November 01 Early 2022"]
[White "Gu, Xiaobing"]
[Black "Vlassov, Nikolai"]
[WhiteFideId "8602611"]
[BlackFideId "4103360"]
[WhiteElo "2174"]
[BlackElo "2324"]
[Result "1-0"]
[Round "08"]
[TimeControl "180+1"]
[Date "2022.11.02"]
[WhiteClock "0:00:30"]
[BlackClock "0:00:11"]

1. e4 Nc6 2. d4 d5 3. Nc3 e5 4. Nxd5 exd4 5. Nf3 Be6 6. Nf4 Nf6 7. Bb5 Bb4+ 8. Bd2 Bxd2+ 9. Qxd2 O-O 10. e5 Ne4 11. Qe2 Ng5 12. O-O-O Nxf3 13. Bxc6 bxc6 14. gxf3 c5 15. Rhg1 Qh4 16. Qe4 Qxf2 17. Nh5 g6 18. Kb1 Kh8 19. Qf4 f5 20. Qh6 Rf7 21. Rxg6 Qxf3 22. Rdg1 1-0


[Site "https://www.chess.com"]

[Event "Titled Tuesday Blitz November 01 Early 2022"]
[White "Gubajdullin, Alexei"]
[Black "Sernecki, Franciszek"]
[WhiteFideId "4141202"]
[BlackFideId "1169297"]
[WhiteElo "2200"]
[BlackElo "2209"]
[Result "1-0"]
[Round "08"]
[TimeControl "180+1"]
[Date "2022.11.02"]
[WhiteClock "0:00:43"]
[BlackClock "0:00:09"]

1. d4 d5 2. Nf3 Bg4 3. Ne5 Bf5 4. c4 Nc6 5. cxd5 Qxd5 6. Nxc6 Bxb1 7. Ne5 Bf5 8. f3 O-O-O 9. e4 Bxe4 10. fxe4 Qxe4+ 11. Qe2 Qxd4 12. Nxf7 Rd5 13. Bd2 e5 14. Bc3 Bb4 15. Qd3 Bxc3+ 16. bxc3 Qxd3 17. Bxd3 Rxd3 18. Nxh8 Rd7 19. Rd1 Re7 20. O-O Nh6 21. Rf8+ 1-0


[Site "https://www.chess.com"]

[Event "Titled Tuesday Blitz November 01 Early 2022"]
[White "Ibadov, Dashgyn"]
[Black "Vrbljanac, Aleksandar"]
[WhiteFideId "24107514"]
[BlackFideId "932817"]
[WhiteElo "2208"]
[BlackElo "2309"]
[Result "1-0"]
[Round "08"]
[TimeControl "180+1"]
[Date "2022.11.02"]
[WhiteClock "0:01:51"]
[BlackClock "0:01:22"]

1. d4 d5 2. c4 c6 3. Nf3 Nf6 4. Nc3 e6 5. e3 Nbd7 6. Qc2 Bd6 7. Bd3 dxc4 8. Bxc4 b5 9. Bd3 Bb7 10. O-O O-O 11. e4 e5 12. Bg5 a6 13. Rad1 Qe7 14. a3 h6 15. Bh4 Rad8 16. h3 Bb8 17. Rfe1 Rfe8 1-0


[Site "https://www.chess.com"]